 Dungeon Crawl Stone Soup version 0.18-a0-1354-gbc5753f (webtiles) character file.

7346 Kilingo the Nimble (level 10, -1/63 HPs)
             Began as a High Elf Hunter on Feb 19, 2016.
             Was a Priest of Elyvilon.
             Slain by a yak (10 damage)
             ... on level 8 of the Dungeon on Feb 20, 2016.
             The game lasted 04:33:10 (10524 turns).

Kilingo the Nimble (High Elf Hunter)               Turns: 10524, Time: 04:33:10

Health: -1/63      AC: 12    Str: 14    XL:     10   Next: 91%
Magic:  0/16       EV: 17    Int: 18    God:    Elyvilon [***...]
Gold:   883        SH:  0    Dex: 17    Spells: 1 memorised, 8 levels left

rFire  . . .     SeeInvis .     a - +4 dagger (elec)
rCold  . . .     Gourm    .     h - +3 ring mail
rNeg   . . .     Faith    .     (no shield)
rPois  .         Spirit   +     G - +1 helmet {Int+3}
rElec  .         Dismiss  .     T - +0 cloak
rCorr  .         Reflect  .     (no gloves)
SustAt .         Harm     .     (no boots)
MR     +....                    s - amulet of guardian spirit
Stlth  +++.......               (no ring)
                                H - ring of stealth

@: hasted, very quick, somewhat resistant to hostile enchantments, fairly
stealthy
A: no striking features
a: Lesser Healing, Heal Other, Purification, Divine Protection, Renounce
Religion


You were on level 8 of the Dungeon.
You worshipped Elyvilon.
Elyvilon was most pleased with you.
You were not hungry.

You visited 2 branches of the dungeon, and saw 10 of its levels.

You collected 883 gold pieces.

Inventory:

Hand Weapons
 a - a +4 dagger of electrocution (weapon)
 b - a +5 shortbow
 g - a +1 mace of holy wrath
 t - a +0 antimagic hand axe
 B - a +0 blowgun
 W - a +2 whip of flaming
 Y - a +2 mace of protection
Missiles
 d - 84 arrows
 C - 41 poisoned needles
 Q - 4 arrows of frost
Armour
 h - a +3 ring mail (worn)
 G - a +1 helmet of intelligence (worn)
 R - a +3 chain mail
 T - a +0 cloak (worn)
Jewellery
 s - an amulet of guardian spirit (around neck)
 H - a ring of stealth (left hand)
 S - an uncursed ring of wizardry
Wands
 m - a wand of digging (4/24)
Scrolls
 i - 2 scrolls of immolation {unknown}
 j - a scroll of amnesia {unknown}
 q - 3 scrolls of blinking
 v - 3 scrolls of fear
 w - a scroll of silence {unknown}
 y - 2 scrolls of remove curse
 K - 3 scrolls of magic mapping
 L - 2 scrolls of recharging {unknown}
 M - a scroll of teleportation {unknown}
 N - a scroll of random uselessness {unknown}
 P - a scroll of fog {unknown}
Potions
 c - 2 potions of haste
 e - a potion of invisibility {unknown}
 f - a potion of cure mutation {unknown}
 l - a potion of degeneration {unknown}
 n - 2 potions of brilliance {unknown}
 r - 2 potions of berserk rage
 u - a potion of mutation {unknown}
 x - 4 potions of resistance
 z - 4 potions of flight
 A - a potion of heal wounds
 E - 2 potions of might
 F - 2 potions of magic {unknown}
 I - a potion of cancellation {unknown}
 O - 4 potions of curing
Books
 D - a book of Envenomations

   Spells                             Type                      Level
   a - Spider Form                    Transmutation/Poison         3
   b - Olgreb's Toxic Radiance        Poison                       4
   c - Alistair's Intoxication        Transmutation/Poison         5
   d - Poisonous Cloud                Conjuration/Poison/Air       6
 J - a book of Unlife

   Spells                             Type                      Level
   a - Recall                         Summoning/Translocation      3
   b - Animate Dead                   Necromancy                   4
   c - Control Undead                 Necromancy                   4
   d - Cigotuvi's Embrace             Necromancy                   5
   e - Death Channel                  Necromancy                   6
   f - Simulacrum                     Ice/Necromancy               6
 V - a Young Poisoner's Handbook

   Spells                             Type                      Level
   a - Sting                          Conjuration/Poison           1
   b - Cure Poison                    Poison                       2
   c - Mephitic Cloud                 Conjuration/Poison/Air       3
   d - Olgreb's Toxic Radiance        Poison                       4
   e - Venom Bolt                     Conjuration/Poison           5
Comestibles
 k - a royal jelly
 o - 4 meat rations
 p - 4 chunks of flesh
 U - a beef jerky
 X - 13 fruits


   Skills:
 - Level 3.6 Fighting
 + Level 7.7 Short Blades
 - Level 0.1(1.3) Axes
 - Level 2.2 Maces & Flails
 - Level 6.8 Bows
 + Level 6.0 Armour
 + Level 9.6 Dodging
 - Level 3.5 Stealth
 - Level 0.2 Spellcasting
 - Level 0.4 Conjurations
 - Level 0.1 Poison Magic
 - Level 7.0 Invocations
 + Level 6.2 Evocations


You had 8 spell levels left.
You knew the following spells:

 Your Spells              Type           Power        Failure   Level  Hunger
a - Sting                 Conj/Pois      #...         38%         1    ##.....


Dungeon Overview and Level Annotations

Branches:
Dungeon (9/15)             Temple (1/1) D:6             Orc (0/2) D:9
   Lair: D:8-11

Altars:
Ashenzari
Cheibriados
Dithmenos
Elyvilon
Fedhas
Gozag
Kikubaaqudgha
Makhleb
Nemelex Xobeh
Okawaru
Pakellas
Qazlal
Ru
Sif Muna
Trog
Vehumet
Xom
Zin
The Shining One


Message History

The yak gores you but does no damage. The basilisk bites you!
* * * LOW HITPOINT WARNING * * *
The yak gores you!
* * * LOW HITPOINT WARNING * * *
The basilisk completely misses you. The yak gores you!
* * * LOW HITPOINT WARNING * * *
You turn to flesh and can move again.
You climb upwards.
There is a stone staircase leading down here.
You are healed.
You feel somewhat more hungry. The yak gores you!
* * * LOW HITPOINT WARNING * * *
Drink which item? (? for menu, Esc to quit)
You feel better. The yak gores you!
* * * LOW HITPOINT WARNING * * *
Drink which item? (? for menu, Esc to quit)
You feel yourself speed up.
The yak snorts and paws the ground.
The yak gores you!
You die...

############# ##.....#..Y@.##
######.............##
....................#
....................#############
....................##..........#
....................##..........#
......>.........................#
.....#......)......####..########
.....##.........[....<......##


You could see a yak.

Vanquished Creatures
  The ghost of Dirian the Carver, a novice MiFi of Trog (D:6)
  Joseph (D:8)
  Psyche (D:8)
  9 yaks (D:9)
  2 hungry ghosts
  Grum (D:8)
  2 wolves (D:8)
  2 porcupines (D:9)
  3 orc warriors
  3 phantoms
  An ice beast (D:5)
  A necrophage (D:5)
  2 wasps
  5 ogres
  3 centaurs
  A crocodile (D:9)
  A big kobold (D:9)
  6 giant frogs
  6 scorpions
  5 killer bees (D:7)
  5 wights (D:7)
  2 quasits
  4 crimson imps
  6 hounds
  A giant frog zombie (D:8)
  2 orc priests (D:7)
  A centaur zombie (D:6)
  2 centaur skeletons
  A giant frog skeleton (D:9)
  3 iguanas
  2 orc wizards
  Ijyb (D:2)
  Natasha (thrice) (D:2 D:1)
  Terence (D:2)
  4 worker ants
  A hound zombie (D:9)
  A hound skeleton (D:4)
  Robin (D:2)
  16 adders
  A river rat (D:9)
  2 shadow imps
  3 oozes
  An adder skeleton (D:5)
  An adder zombie (D:7)
  2 worms (D:2)
  7 giant geckos
  26 orcs
  3 giant cockroaches
  14 goblins
  12 hobgoblins
  18 jackals
  4 quokkas
  14 bats
  A giant gecko skeleton (D:5)
  6 giant newts
  13 kobolds
  6 rats
247 creatures vanquished.

Vanquished Creatures (others)
  A bush (D:9)
  A fungus (D:9)
  11 plants (D:9)
13 creatures vanquished.

Grand Total: 260 creatures vanquished

Notes
Turn   | Place    | Note
--------------------------------------------------------------
     0 | D:1      | Kilingo the High Elf Hunter began the quest for the Orb.
     0 | D:1      | Reached XP level 1. HP: 14/14 MP: 2/2
   273 | D:1      | Reached XP level 2. HP: 16/19 MP: 3/3
   437 | D:1      | Reached skill level 1 in Short Blades
   827 | D:1      | Reached XP level 3. HP: 22/24 MP: 4/4
  1422 | D:2      | HP: 1/24 [worm (6)]
  1703 | D:2      | Found a radiant altar of Vehumet.
  1703 | D:2      | Noticed Terence
  1706 | D:2      | Noticed Natasha
  1723 | D:2      | Killed Natasha
  1723 | D:2      | Reached XP level 4. HP: 7/29 MP: 5/5
  1730 | D:2      | Killed Terence
  1730 | D:2      | Reached skill level 1 in Armour
  1789 | D:2      | Noticed Natasha
  1797 | D:2      | Killed Natasha
  1798 | D:2      | Found a white marble altar of Elyvilon.
  1912 | D:2      | Reached XP level 5. HP: 24/34 MP: 6/6
  1931 | D:2      | Noticed Natasha
  2232 | D:1      | Killed Natasha
  2297 | D:2      | Became a worshipper of Elyvilon the Healer
  2399 | D:2      | Noticed Ijyb
  2416 | D:2      | Noticed Robin
  2439 | D:2      | Killed Ijyb
  2504 | D:2      | Killed Robin
  2597 | D:2      | Reached skill level 1 in Invocations
  3119 | D:3      | Reached XP level 6. HP: 40/40 MP: 7/7
  3438 | D:3      | Found a snail-covered altar of Cheibriados.
  3816 | D:4      | Reached skill level 1 in Evocations
  3850 | D:4      | Found a glowing golden altar of the Shining One.
  3870 | D:4      | Reached * piety under Elyvilon
  4157 | D:4      | Upgraded the game from 0.18-a0-1350-g404b4cb to 0.18-a0-1354-gbc5753f
  4344 | D:4      | Reached skill level 5 in Dodging
  4344 | D:4      | Reached XP level 7. HP: 32/45 MP: 5/9
  4912 | D:5      | Entered Level 5 of the Dungeon
  5048 | D:5      | Reached ** piety under Elyvilon
  5109 | D:5      | Reached XP level 8. HP: 51/51 MP: 11/11
  5217 | D:5      | Found a sparkling altar of Nemelex Xobeh.
  5233 | D:5      | Reached skill level 1 in Maces & Flails
  5702 | D:5      | Found a deep blue altar of Sif Muna.
  5894 | D:5      | Reached skill level 6 in Dodging
  6237 | D:6      | Reached skill level 5 in Invocations
  6374 | D:6      | Found an iron altar of Okawaru.
  6377 | D:6      | Found an opulent altar of Gozag.
  6380 | D:6      | Found a shimmering altar of Xom.
  6388 | D:6      | Found a shattered altar of Ashenzari.
  6395 | D:6      | Found a staircase to the Ecumenical Temple.
  6413 | Temple   | Entered the Ecumenical Temple
  6888 | D:6      | Reached *** piety under Elyvilon
  7031 | D:6      | Noticed Dirian's ghost (novice MiFi)
  7133 | D:6      | Killed Dirian's ghost
  7133 | D:6      | Reached skill level 5 in Short Blades
  7133 | D:6      | Reached XP level 9. HP: 26/57 MP: 2/14
  7228 | D:7      | Reached skill level 7 in Dodging
  7504 | D:7      | Got a fine platinum ring
  7796 | D:7      | Learned a level 1 spell: Sting
  7838 | D:7      | Reached skill level 5 in Armour
  7903 | D:7      | Identified the cursed ring "Vamities" {+Fly Str+8 Int-5 Dex-3 Stlth+} (You found it on level 7 of the Dungeon)
  7922 | D:7      | Found a blossoming altar of Fedhas.
  8201 | D:7      | Reached skill level 8 in Dodging
  8314 | D:8      | Noticed Psyche
  9021 | D:8      | Killed Psyche
  9021 | D:8      | Reached XP level 10. HP: 51/63 MP: 12/15
  9154 | D:8      | Noticed Joseph
  9180 | D:8      | Killed Joseph
  9437 | D:8      | Reached skill level 5 in Evocations
  9443 | D:8      | Found a blossoming altar of Fedhas.
  9443 | D:8      | Noticed Grum
  9469 | D:8      | Killed Grum
  9779 | D:8      | Reached skill level 9 in Dodging
 10193 | D:9      | Found a shadowy altar of Dithmenos.
 10241 | D:9      | Found a staircase to the Orcish Mines.
 10524 | D:8      | Slain by a yak

Vault maps used:
D:1:      onia_arrival_pyramid
D:2:      vehumet_crystals, grunt_ministairs_7, elyvilon_altar_5, uniq_terence,
          uniq_iyjb, uniq_robin, uniq_natasha
D:3:      lemuel_round_altar, solitary_fountain
D:4:      kennysheep_little_box, first_bread
D:5:      nemelex_deck, led_sif_pool, minmay_crossroads
D:6:      grunt_temple_overflow_cloverleaf, minmay_temple_entry_crystal_x
D:7:      old_forge, basic_altar
D:8:      minmay_goldmine, serial_curves, eino_curves_04, eino_curves_04,
          eino_curves_02, eino_curves_03, hangedman_tree_tricks, uniq_grum,
          uniq_joseph, uniq_psyche
D:9:      nicolae_overflow_hidden_temple, overflow_temple_1_default,
          lemuel_zombie_altar_yredelemnul, minmay_lair_entry_grove,
          serial_shops, shop, shop
Temple:   temple_eino_lava_8

Action                   |  1- 3 |  4- 6 |  7- 9 | 10-12 || total
-------------------------+-------+-------+-------+-------++-------
Melee: Short sword       |   151 |    77 |       |       ||   228
       Dagger            |       |    60 |   238 |   182 ||   480
       Mace              |       |     9 |    80 |    42 ||   131
       Hand axe          |       |       |       |     4 ||     4
 Fire: Shortbow          |    24 |    67 |    80 |    49 ||   220
       Blowgun           |       |     2 |       |       ||     2
Throw: Stone             |       |     1 |       |       ||     1
 Cast: Sting             |       |       |     1 |     1 ||     2
Invok: Lesser Healing    |       |       |     2 |     1 ||     3
       Heal Other        |       |       |     1 |       ||     1
       Purification      |       |       |     1 |       ||     1
  Use: Potion            |     5 |     1 |     1 |     2 ||     9
       Scroll            |       |     7 |    11 |     3 ||    21
 Stab: Sleeping          |     1 |       |    13 |     2 ||    16
       Distracted        |       |       |       |     1 ||     1
  Eat: Chunk             |     1 |     5 |     1 |     3 ||    10
       Bread ration      |     1 |     1 |     3 |       ||     5
       Fruit             |       |       |     1 |     2 ||     3
       Meat ration       |       |       |     1 |       ||     1
       Royal jelly       |       |       |     1 |       ||     1
